 Dungeon Crawl Stone Soup version 0.31-a0-569-g7ea453304b (webtiles) character file.

Game seed: 18247967144114567336

2594 Conn the Magician (level 9, -2/53 HPs)
             Began as an Octopode Fire Elementalist on Aug 18, 2023.
             Was an Initiate of Sif Muna.
             Slain by a vampire mosquito (11 damage)
             ... on level 6 of the Dungeon.
             The game lasted 00:16:46 (6556 turns).

Conn the Magician (Octopode Fire Elementalist)      Turns: 6556, Time: 00:16:47

Health: -2/53      AC:  1    Str: 13    XL:     9   Next: 58%
Magic:  6/19       EV: 18    Int: 22    God:    Sif Muna [......]
Gold:   310        SH:  0    Dex: 12    Spells: 5/22 levels left

rFire   + . .        i - +0 short sword (freeze)
rCold   x . .        k - orb {guile}
rNeg    . . .        (helmet restricted)
rPois   .            w - amulet of faith
rElec   .            p - ring "Hixidwos" {Fire Str+6 SInv}
rCorr   .            j - +5 ring of evasion
SInv    +            (no ring)
Will    .....        (no ring)
Stlth   ++++         (no ring)
HPRegen 0.28/turn    (no ring)
MPRegen 0.16/turn    (no ring)
                     (no ring)

%: faith
@: very slightly contaminated, slowed, very slow
A: almost no armour, amphibious, 8 rings, camouflage 1, gelatinous body 1,
(nimble swimmer 1), tentacles
a: Renounce Religion


You were on level 6 of the Dungeon.
You worshipped Sif Muna.
Sif Muna was noncommittal.
You visited 2 branches of the dungeon, and saw 7 of its levels.

You collected 310 gold pieces.

Inventory:

Hand Weapons
 d - a +0 short sword
 i - a +0 short sword of freezing (weapon)
Missiles
 s - 2 throwing nets
Armour
 k - an orb of guile (worn)
Jewellery
 j - a +5 ring of evasion (right tentacle)
 p - the ring "Hixidwos" (left tentacle) {Fire Str+6 SInv}
   (You found it on level 4 of the Dungeon)

   [ring of fire]

   Fire:      It enhances your fire magic.
   Str+6:     It affects your strength (+6).
   rF+:       It protects you from fire.
   rC-:       It makes you vulnerable to cold.
   SInv:      It lets you see invisible.
 t - a ring of see invisible
 w - an amulet of faith (around mantle)
Wands
 m - a wand of light (3)
 n - a wand of polymorph (10)
 o - a wand of flame (12)
Scrolls
 e - 2 scrolls of amnesia
 g - a scroll of teleportation
 q - a scroll of blinking
 v - a scroll of silence
Potions
 a - a potion of magic
 b - a potion of attraction
 c - 4 potions of lignification
 f - 2 potions of enlightenment
 h - a potion of degeneration
 l - a potion of berserk rage
 r - a potion of mutation
 u - a potion of curing {unknown}


   Skills:
 + Level 1.1 Fighting
 + Level 1.9 Short Blades
 + Level 3.0 Dodging
 + Level 5.9 Stealth
 * Level 7.1 Spellcasting
 * Level 5.2 Conjurations
 + Level 1.3 Hexes
 + Level 6.4 Fire Magic
 * Level 2.7 Air Magic
 * Level 2.6 Invocations


You had 5 spell levels left.
You knew the following spells:

 Your Spells              Type           Power      Damage    Failure   Level
a - Foxfire               Conj/Fire      100%       2x1d9     1%          1
b - Scorch                Fire           100%       2d9       1%          2
c - Inner Flame           Hex/Fire       37%        N/A       4%          3
d - Flame Wave            Conj/Fire      49%        2d12      8%          4
e - Static Discharge      Conj/Air       50%        2-5/arc   2%          2
f - Fireball              Conj/Fire      24%        3d11      22%         5

Your spell library contained the following spells:

 Spells                   Type           Power      Damage    Failure   Level
 Momentum Strike          Conj/Tloc      38%        3d9       4%          2
 Volatile Blastmotes      Fire/Tloc      64%        2d15      7%          3
 Necrotise                Necr           28%        1d5       9%          1
 Cigotuvi's Dreadful Rot  Necr/Pois/Air  22%        N/A       9%          2
 Ignite Poison            Fire/Tmut/Pois 25%        N/A       11%         3
 Blink                    Tloc           14%        N/A       12%         2
 Lesser Beckoning         Tloc           14%        N/A       12%         2
 Vampiric Draining        Necr           7%         2d6       24%         3
 Airstrike                Air            9%         2d(2-18)  26%         4
 Iskenderun's Battlesphe  Conj           30%        2d8       26%         5
 Summon Lightning Spire   Summ/Air       13%        N/A       43%         4
 Freezing Cloud           Conj/Ice/Air   9%         6-21      58%         5
 Agony                    Necr           7%         N/A       92%         5
 Conjure Ball Lightning   Conj/Air       12%        3x3d6     94%         6
 Orb of Destruction       Conj           15%        9d7       100%        7


Dungeon Overview and Level Annotations

Branches:
Dungeon (6/15)             Temple (1/1) D:5

Altars:
Ashenzari
Cheibriados
Dithmenos
Elyvilon
Fedhas
Gozag
Hepliaklqana
Kikubaaqudgha
Makhleb
Nemelex Xobeh
Okawaru
Qazlal
Ru
Sif Muna
Trog
Uskayaw
Vehumet
Wu Jian
Xom
Yredelemnul
Zin
The Shining One

Shops:
D:1 [

Portals:
Abyss: D:5

Annotations:
D:5 2 transporters, Kiciri's ghost, novice DrSh


Innate Abilities, Weirdness & Mutations

You cannot wear most types of armour.
You are amphibious.
You can wear up to eight rings at the same time.
Your skin changes colour to match your surroundings (Stealth+).
Your rubbery body absorbs attacks. (AC +1, EV +1)
((You are camouflaged when in or above water. (Stealth+)))
You have tentacles for arms and can constrict up to eight enemies at once.


Message History

The foxfire hits the vampire mosquito!
The vampire mosquito is heavily damaged.
Casting: Scorch (safe; 1% risk of failure)
Confirm with . or Enter, or press ? or * to list all spells.
You feel a surge of power!
You conjure some foxfire!
The vampire mosquito bites you!
The vampire mosquito draws strength from your injuries!
Unknown command.
Casting: Foxfire (safe; 1% risk of failure)
Confirm with . or Enter, or press ? or * to list all spells.
Casting: Flame Wave (dangerous; 8% risk of failure)
Press: ? - help, Dir - look around, f - activate You feel a surge of power!
You miscast Flame Wave.
You are very lightly contaminated with residual magic.
Nothing appears to happen.
The foxfire hits the vampire mosquito!
The vampire mosquito is moderately damaged.
The foxfire hits the vampire mosquito.
The vampire mosquito is heavily damaged.
The vampire mosquito barely misses you. The vampire mosquito bites you!
The vampire mosquito draws strength from your injuries!
The wraith hits you! The wraith drains your vigour!
You feel yourself slow down.
Unknown command.
Casting: Flame Wave (dangerous; 8% risk of failure)
Confirm with . or Enter, or press ? or * to list all spells.
Casting: Flame Wave (dangerous; 8% risk of failure)
Press: ? - help, Dir - look around, f - activate You feel a surge of power!
A wave of flame ripples out!
The flame wave engulfs the wraith!
The wraith is burned terribly!
The wraith is severely damaged.
The flame wave engulfs the vampire mosquito.
The vampire mosquito is heavily damaged. (Press . to intensify the flame waves.)
The vampire mosquito bites you.
The vampire mosquito draws strength from your injuries!
The vampire mosquito bites you!
* * * LOW HITPOINT WARNING * * *
The vampire mosquito draws strength from your injuries!
The wraith barely misses you. The vampire mosquito bites you!
You die...

.....# ..)..#
≈≈≈§§.≈§.≈§§≈§≈
.....#
≈≈≈≈§§≈§§§≈≈≈§§
.)...#
≈≈§§§§[$≈≈≈§≈≈≈
..<..#
§≈≈§§§..≈≈≈≈§≈≈
.....#
§§≈§§§..≈≈≈≈≈≈§
.....#
§§≈≈≈§..≈≈§≈≈≈≈
.....#
≈§§≈≈≈Wy§§≈§≈≈#
≈≈≈.###
#≈≈≈≈≈.@≈≈≈≈§#
≈≈≈≈≈≈##
##≈≈≈≈.§≈≈≈§##
.≈≈≈≈≈≈##
##≈≈§..≈≈≈##
###)≈≈≈≈##
####''####
..##.≈≈≈≈# #..#
..##..≈≈≈####
#.##
>##...≈≈≈...#
#..#
)#....≈≈≈≈..#
#..#####
'#...≈≈≈≈≈#)#
#......#


You could see a wraith (combustible) and a vampire mosquito.

Vanquished Creatures
  A moth of wrath (D:6)
  Duvessa (D:4)
  2 water moccasins (D:5)
  2 black bears
  2 ogres
  8 centaurs
  A kobold brigand (D:6)
  A phantom (D:5)
  Blork the orc (D:4)
  2 scorpions
  Dowan (D:4)
  2 hounds
  A jelly (D:4)
  A sleepcap (D:6)
  2 iguanas
  7 orc wizards
  3 gnolls (D:5)
  6 adders
  4 worms
  3 dart slugs
  13 orcs
  9 bats
  7 endoplasms
  3 giant cockroaches
  10 goblins
  7 hobgoblins
  7 jackals
  11 kobolds
  4 quokkas
  5 ball pythons
  3 frilled lizards
  15 rats
145 creatures vanquished.

Vanquished Creatures (others)
  445 foxfires
445 creatures vanquished.

Grand Total: 590 creatures vanquished

Notes
Turn   | Place    | Note
-------+----------+-------------------------------------------
     0 | D:1      | Conn the Octopode Fire Elementalist began the quest for the
                  | Orb.
     0 | D:1      | Reached XP level 1. HP: 11/11 MP: 3/3
   116 | D:1      | Found Orhisehixt's Antique Armour Shop.
   164 | D:1      | Reached XP level 2. HP: 17/17 MP: 1/5
   633 | D:1      | Reached XP level 3. HP: 21/21 MP: 2/6
  1688 | D:2      | Reached XP level 4. HP: 26/27 MP: 4/7
  2426 | D:3      | Reached XP level 5. HP: 31/31 MP: 0/8
  2456 | D:3      | Learned a level 2 spell: Scorch
  2460 | D:3      | Learned a level 3 spell: Inner Flame
  2912 | D:4      | Noticed Blork the orc
  3033 | D:4      | Reached skill level 1 in Short Blades
  3205 | D:4      | Killed Blork the orc
  3206 | D:4      | Reached skill level 3 in Spellcasting
  3206 | D:4      | Reached XP level 6. HP: 37/37 MP: 2/10
  3322 | D:4      | Noticed Duvessa
  3323 | D:4      | Noticed Dowan
  3337 | D:4      | Killed Duvessa
  3347 | D:4      | Killed Dowan
  3348 | D:4      | Reached XP level 7. HP: 22/42 MP: 1/12
  3669 | D:4      | Identified the ring "Hixidwos" {Fire Str+6 SInv}
  3693 | D:4      | Reached skill level 4 in Spellcasting
  3758 | D:4      | Reached skill level 5 in Fire Magic
  3935 | D:4      | Learned a level 4 spell: Flame Wave
  3938 | D:4      | Learned a level 2 spell: Static Discharge
  4199 | D:5      | Entered Level 5 of the Dungeon
  4204 | D:5      | Reached skill level 1 in Hexes
  4415 | D:5      | Noticed a small abomination
  4430 | D:5      | Reached skill level 1 in Air Magic
  4430 | D:5      | Reached XP level 8. HP: 47/47 MP: 8/15
  4485 | D:5      | Reached skill level 5 in Spellcasting
  4529 | D:5      | Learned a level 5 spell: Fireball
  4619 | D:5      | Found a staircase to the Ecumenical Temple.
  4626 | Temple   | Entered the Ecumenical Temple
  4657 | Temple   | Became a worshipper of Sif Muna the Loreminder
  4913 | D:5      | Found a transporter.
  5105 | D:5      | Found a transporter.
  5244 | D:5      | Found a one-way gate to the infinite horrors of the Abyss.
  5245 | D:5      | Noticed Kiciri's ghost (novice DrSh)
  5434 | D:6      | Noticed a moth of wrath
  5439 | D:6      | Found a bloodstained altar of Trog.
  5448 | D:6      | Killed a moth of wrath
  5449 | D:6      | Reached skill level 5 in Stealth
  5449 | D:6      | Reached skill level 6 in Spellcasting
  5449 | D:6      | Reached skill level 1 in Invocations
  5449 | D:6      | Reached XP level 9. HP: 52/52 MP: 1/18
  6052 | D:6      | Reached skill level 1 in Fighting
  6292 | D:6      | Reached skill level 7 in Spellcasting
  6511 | D:6      | Reached skill level 5 in Conjurations
  6556 | D:6      | Slain by a vampire mosquito

Illustrated notes

Levels and vault maps discovered:
D:1:      minmay_arrival_four_houses, layout_basic, serial_shops, shop
D:2:      layout_loops_ring, serial_glass, glass_columns_a, glass_columns_a
D:3:      layout_rooms
D:4:      layout_rooms, interstate_on_off, kennysheep_small_square,
          uniq_blork_the_orc, uniq_duvessa
D:5:      layout_basic, minmay_temple_entry_nine_rooms,
          gammafunk_ghost_abyssal_escape, minivault_24
D:6:      kennysheep_big_flooded_room, layout_basic, tgw_trog, centaur_isle
Temple:   compressed_dpeg_circular_temple

Skill      XL: |  1  2  3  4  5  6  7  8  9 |
---------------+----------------------------+-----
Stealth        | 3 4 5 |  5.9
Short Blades   | 1 |  1.9
Conjurations   | 2 3 4 5 |  5.2
Fire Magic     | 4 5 6 |  6.4
Spellcasting   | 3 4 6 7 |  7.1
Hexes          | 1 |  1.3
Air Magic      | 1 2 |  2.7
Dodging        | 3 |  3.0
Invocations    | 1 2 |  2.6
Fighting       | 1 |  1.1

Action                     |  1- 3 |  4- 6 |  7- 9 || total
---------------------------+-------+-------+-------++-------
  Melee: Unarmed           |     3 |       |       ||     3
         Constrict         |     8 |    10 |     5 ||    23
         Tentacles         |     6 |    14 |     2 ||    22
         Short sword       |    31 |    53 |    18 ||   102
         Punch             |       |     2 |       ||     2
   Cast: Foxfire           |    52 |    60 |   139 ||   251
         Scorch            |       |     2 |    28 ||    30
         Inner Flame       |       |     3 |     7 ||    10
         Flame Wave        |       |       |     3 ||     3
  Evoke: Wand              |       |     1 |       ||     1
    Use: Potion            |       |     3 |     2 ||     5
         Scroll            |       |     5 |     6 ||    11
   Stab: Sleeping          |    10 |     2 |     5 ||    17
 Armour: Skin              |     5 |    10 |       ||    15
  Dodge: Dodged            |    23 |    39 |    34 ||    96

Table legend: (Time is in decaauts)
 A = Elapsed time spent in this place.
 B = Non-inter-level travel time spent in this place.
 C = Inter-level travel time spent in this place.
 D = Time resting spent in this place.
 E = Time spent auto-exploring this place.
 F = Levels seen in this place.
 G = Mean time per level.
                   A        B        C        D        E       F      G
               +--------+--------+--------+--------+--------+-----+--------+
         Total |   6536 |   6436 |    100 |    747 |   4083 |   7 |  933.7 |
       Dungeon |   6473 |   6381 |     92 |    747 |   4083 |   6 | 1078.8 |
        Temple |     62 |     54 |      8 |      0 |      0 |   1 |   62.0 |
               +--------+--------+--------+--------+--------+-----+--------+

Top non-repeatable levels by time:
     D:6: 1273 daAuts
     D:4: 1193 daAuts
     D:1: 1166 daAuts
     D:2: 1061 daAuts
     D:5: 913 daAuts
     D:3: 866 daAuts
  Temple: 62 daAuts
